 Dungeon Crawl Stone Soup version 0.29-a0-472-ge5599a681e (webtiles) character file.

Game seed: 450348131374306777

51583 sammy202020 the Fighter (level 14, -17/175 (180) HPs)
             Began as a Demonspawn Berserker on May 23, 2022.
             Was a High Priest of Trog.
             Demolished by an orc knight
             ... wielding a +0 long sword
              (38 damage)
             ... on level 2 of the Orcish Mines.
             The game lasted 00:35:38 (14257 turns).

sammy202020 the Fighter (Demonspawn Berserker)     Turns: 14257, Time: 00:35:40

HP:   -17/175 (180) AC: 22    Str: 19    XL:     14   Next: 24%
MP:   4/4           EV: 12    Int: 16    God:    Trog [*****.]
Gold: 1536          SH: 18    Dex: 15    Spells: 13/13 levels left

rFire   + + .      SeeInvis .   Q - +4 broad axe (antimagic)
rCold   + + +      Faith    .   P - +3 tower shield {rF+}
rNeg    . . .      Spirit   .   v - +8 chain mail "Zopoq" {rElec rC+ Int+3}
rPois   +          Reflect  .   z - +1 hat {Int+3}
rElec   +          Harm     .   L - scarf {rC+ rF+}
rCorr   .          Rampage  +   u - +1 Delatra's gloves {ID++}
Will    +++..      NoCast   +   H - -2 pair of boots of Hiulued {-Cast Rampage Regen+ Slay+2}
Stlth   ..........              I - amulet of the acrobat
HPRegen 2.19/turn               f - +4 ring of evasion
MPRegen 0.09/turn               A - ring of protection from cold

@: berserking (expiring), strong-willed, regenerating, lightly drained, very
quick
A: claws 1, horns 2, foul stench 1, spiny 1, weakness stinger 2, hooves 1, sense
surroundings 1, poison resistance
a: Renounce Religion, Berserk, Trog's Hand, Brothers in Arms


You were on level 2 of the Orcish Mines.
You worshipped Trog.
Trog was extremely pleased with you.
You visited 2 branches of the dungeon, and saw 17 of its levels.

You collected 1744 gold pieces.
You spent 208 gold pieces at shops.

Inventory:

Hand Weapons
 Q - a +4 antimagic broad axe (weapon)
 U - a +2 war axe of flaming
 W - a +0 longbow of freezing
Missiles
 q - 4 throwing nets
 B - 9 boomerangs
 M - 4 javelins
Armour
 m - a +2 plate armour of poison resistance
 u - the +1 Delatra's gloves (worn) {ID++}
   (You found it on level 5 of the Dungeon)

   It heals its wearer when they drink unknown potions.
   It restores its wearer's MP when they read unknown scrolls.
 v - the +8 chain mail "Zopoq" (worn) {rElec rC+ Int+3}
   (You found it on level 4 of the Dungeon)

   Int:       It affects your intelligence (+3).
   rC:        It protects you from cold.
   rElec:     It insulates you from electricity.
 z - a +1 hat of intelligence (worn)
 D - a +1 pair of gloves
 H - the -2 pair of boots of Hiulued (worn) {-Cast Rampage Regen+ Slay+2}
   (You found it on level 7 of the Dungeon)

   Slay:      It affects your accuracy & damage with ranged weapons and melee
   (+2).
   -Cast:     It prevents spellcasting.
   Regen:     It increases your rate of health regeneration.
   Rampage:   It bestows one free step when moving towards enemies.
 L - a scarf of resistance (worn)
 P - a +3 tower shield of fire resistance (worn)
Jewellery
 f - a +4 ring of evasion (left hand)
 n - an amulet of faith
 A - a ring of protection from cold (right hand)
 C - a ring of poison resistance
 G - a +6 ring of strength
 I - an amulet of the acrobat (around neck)
 R - a ring of positive energy
 T - a ring of positive energy
 V - a ring of protection from cold
Wands
 c - a wand of digging (6)
 e - a wand of mindburst (13)
 j - a wand of charming (2)
 k - a wand of acid (9) (quivered)
 w - a wand of iceblast (21)
 F - a wand of flame (13)
 K - a wand of paralysis (5)
 O - a wand of polymorph (6)
Scrolls
 a - a scroll of blinking
 g - 7 scrolls of teleportation
 i - 12 scrolls of identify
 o - 6 scrolls of noise
 y - a scroll of fog
 N - 3 scrolls of poison
Potions
 b - 2 potions of haste
 d - 2 potions of flight
 h - a potion of resistance
 l - 7 potions of curing
 p - 7 potions of mutation
 r - 4 potions of cancellation
 s - 4 potions of lignification
 t - a potion of magic
 x - 4 potions of might
 E - a potion of berserk rage
 J - 9 potions of ambrosia


   Skills:
 * Level 14.2 Fighting
 * Level 13.0 Axes
 + Level 9.3 Armour
 + Level 9.3 Dodging
 + Level 7.6 Shields


You had 13 spell levels left.
You didn't know any spells.
Your spell library was empty.

Dungeon Overview and Level Annotations

Branches:
Dungeon (15/15)            Temple (0/1) D:7            Lair (0/6) D:8
    Orc (2/2) D:9          Vaults (0/5) D:13         Depths (0/4) D:15
    Elf: Orc:2

Altars:
Makhleb

Shops:
D:5 ([*:   D:6 *   D:7 *(!


Innate Abilities, Weirdness & Mutations

You have sharp fingernails.
You have a pair of horns on your head.
You may rarely emit foul miasma when damaged in melee.
You are partially covered in sharp spines.
You have a tail ending in a sharp stinger.
You have large cloven feet.
You passively map a small area around you.
Your system is resistant to poisons. (rPois)


Message History

The orc high priest is struck by your spines.
The orc high priest closely misses you. You block the orc warrior's attack.
You block the orc knight's attack.
The orc knight hits you from afar with a +0 glaive!!
You slash the orc high priest!
You feel the power of Trog in you as your rage grows.
You kill the orc high priest!
Trog accepts your kill.
You hit the orc knight but do no damage.
You slash the orc knight! You closely miss the orc warrior.
You hit the orc warrior. You block the orc knight's attack. x2
The orc knight is struck by your spines.
The orc knight hits you with a +0 war axe!
The orange demon stings you but does no damage.
You slice the orc sorcerer!!
The orc sorcerer's magic leaks into the air.
The orc sorcerer is severely wounded.
You slice the orc warrior!! You slice the orc priest!!
You kill the orc priest!
Trog accepts your kill.
You slash the orc knight! You barely miss the orc knight.
You block the orc knight's attack.
The orc knight hits you with a +0 long sword!
* * * LOW HITPOINT WARNING * * *
The orange demon stings you from afar!
* * * LOW HITPOINT WARNING * * *
You block the orc warrior's attack.
You slash the orc warrior!
You kill the orc warrior!
Trog accepts your kill.
You slash the orc wizard!
You kill the orc wizard!
Trog accepts your kill.
Trog appreciates your killing of a magic user.
You hit the orc knight but do no damage. x2
You closely miss the orc sorcerer. The orange demon closely misses you.
The orc knight hits you from afar with a +0 glaive!!
* * * LOW HITPOINT WARNING * * *
The orc knight hits you with a +0 long sword!!!
You die...

#....)..###.. ,
, #.........##.
, #..........##
#######.....##,
#####.)..#
####..###)..#,
* , *
#..÷.÷.##)..#*
* .÷...÷o#.÷.##
*
..÷..÷)@o..#*,
*
...☼..)oo.##,,
* .÷...o4..##
.....÷...# , ,*
, .......### ,,
, #....÷# ,, ,
, , ###### , ,
, *


You could see 3 orc knights, an orange demon (summoned), an orc sorcerer
(strong, magic disrupted) and an orc warrior (strong).

Vanquished Creatures
  An orc warlord (Orc:2)
  A stone giant (D:15)
  4 vault guards (D:13)
  7 hydras
  3 boulder beetles
  2 two-headed ogres
  5 centaur warriors
  2 tengu warriors (D:15)
  3 orc high priests (Orc:2)
  Sonja (D:12)
  Lodul (D:12)
  An orc knight (Orc:2)
  4 deep elf pyromancers
  A mana viper (shapeshifter) (D:13)
  3 manticores
  3 cyclopes
  10 ugly things (D:15)
  2 orc sorcerers (Orc:2)
  A gargoyle (D:10)
  2 unseen horrors (D:12)
  An unseen horror (shapeshifter) (D:13)
  2 efreet
  2 komodo dragons
  6 kobold demonologists
  A freezing wraith (D:10)
  A queen bee (D:9)
  5 trolls
  2 hornets (D:10)
  11 slime creatures
  3 shadows
  Sigmund (D:5)
  2 vampires
  20 yaks
  3 wyverns
  Grum (D:8)
  2 wraiths
  A basilisk (D:8)
  A steam dragon (D:10)
  9 vampire mosquitoes
  A warg (Orc:2)
  5 water moccasins
  An acid dragon (D:11)
  5 sky beasts
  20 orc warriors
  5 ice beasts
  10 ogres
  3 wolves (D:8)
  8 centaurs
  A phantom (D:6)
  Blork the orc (D:4)
  4 kobold brigands
  2 necrophages
  4 bullfrogs
  4 gnoll sergeants
  5 scorpions
  4 wights (D:6)
  39 killer bees
  An electric eel (D:9)
  4 howler monkeys
  13 orc priests
  A jelly (D:7)
  4 gnoll shamans
  3 hounds
  2 iguanas
  20 orc wizards
  Robin (D:2)
  37 gnolls
  4 adders
  2 worms
  3 dart slugs
  64 orcs
  7 ball pythons
  10 endoplasms
  3 giant cockroaches
  20 goblins
  20 hobgoblins
  7 jackals
  21 kobolds
  2 quokkas
  A bat (D:3)
  A frilled lizard (D:1)
  11 rats
515 creatures vanquished.

Vanquished Creatures (others)
  An orc wizard (D:10)
  2 orcs (D:9)
  4 fungi (D:8)
  13 plants (D:8)
20 creatures vanquished.

Grand Total: 535 creatures vanquished

Notes
Turn   | Place    | Note
-------+----------+-------------------------------------------
     0 | D:1      | sammy202020 the Demonspawn Berserker began the quest for
                  | the Orb.
     0 | D:1      | Reached XP level 1. HP: 18/18 MP: 1/1
   233 | D:1      | Gained mutation: You are partially covered in sharp spines.
                  | [demonic ancestry]
   233 | D:1      | Reached XP level 2. HP: 12/24 MP: 2/2
   790 | D:1      | Reached ** piety under Trog
   911 | D:1      | Discovered your monstrous ancestry.
   911 | D:1      | Gained mutation: You have a small tail. [demonic ancestry]
   911 | D:1      | Reached XP level 3. HP: 29/29 MP: 3/3
  1606 | D:2      | Noticed Robin
  1622 | D:2      | Killed Robin
  1622 | D:2      | Reached *** piety under Trog
  1623 | D:2      | Reached XP level 4. HP: 23/37 MP: 4/4
  2498 | D:3      | Reached skill level 4 in Fighting
  2636 | D:3      | Reached XP level 5. HP: 13/42 MP: 5/5
  3346 | D:4      | Noticed a sky beast
  3355 | D:4      | Killed a sky beast
  3356 | D:4      | Gained mutation: You may rarely emit foul miasma when
                  | damaged in melee. [demonic ancestry]
  3356 | D:4      | Reached XP level 6. HP: 39/50 MP: 6/6
  3714 | D:4      | Reached skill level 5 in Fighting
  3969 | D:4      | Identified the +8 chain mail "Zopoq" {rElec rC+ Int+3}
  4070 | D:4      | Reached **** piety under Trog
  4164 | D:4      | Noticed Blork the orc
  4170 | D:4      | Killed Blork the orc
  4171 | D:4      | Gained mutation: You have a pair of small horns on your
                  | head. [demonic ancestry]
  4171 | D:4      | Reached XP level 7. HP: 31/56 MP: 7/7
  4402 | D:5      | Entered Level 5 of the Dungeon
  4422 | D:5      | Reached skill level 5 in Axes
  4491 | D:5      | Found Kuypn's Antique Weapon Emporium.
  4519 | D:5      | Found the +1 Delatra's gloves {ID++}
  4716 | D:5      | Found Atalale's Assorted Antiques.
  4916 | D:5      | Found Toym's Book Shoppe.
  5089 | D:5      | Found Wiphiusk's Antique Armour Shoppe.
  5148 | D:5      | Reached skill level 6 in Fighting
  5148 | D:5      | Reached XP level 8. HP: 61/64 MP: 8/8
  5317 | D:5      | Noticed Sigmund
  5326 | D:5      | Killed Sigmund
  5854 | D:6      | Found Beafankueva's General Store.
  5861 | D:6      | Reached skill level 7 in Fighting
  5870 | D:6      | Reached XP level 9. HP: 16/72 MP: 9/9
  6504 | D:7      | Reached skill level 5 in Dodging
  6517 | D:7      | Found Nudd's Weapon Shoppe.
  6721 | D:7      | Reached skill level 8 in Fighting
  6730 | D:7      | Reached skill level 5 in Armour
  6798 | D:7      | Found Attulati's Assorted Antiques.
  6950 | D:7      | Reached skill level 1 in Shields
  7094 | D:7      | Found a staircase to the Ecumenical Temple.
  7167 | D:7      | Noticed a troll
  7175 | D:7      | Killed a troll
  7297 | D:7      | Got the -2 pair of boots of Hiulued {-Cast Rampage Regen+
                  | Slay+2}
  7314 | D:7      | Found the +18 Lear's hauberk
  7365 | D:7      | Found Limmuzog's Distillery.
  7376 | D:7      | Bought a potion of mutation for 104 gold pieces
  7376 | D:7      | Bought a potion of mutation for 104 gold pieces
  7376 | D:7      | Gained mutation: You passively map a small area around you.
                  | [potion of mutation]
  7376 | D:7      | Gained mutation: You have large cloven feet. [potion of
                  | mutation]
  7376 | D:7      | Gained mutation: Your system is resistant to poisons.
                  | (rPois) [potion of mutation]
  7463 | D:8      | Noticed Grum
  7474 | D:8      | Gained mutation: You have a tail ending in a sharp stinger.
                  | [demonic ancestry]
  7474 | D:8      | Reached XP level 10. HP: 17/82 MP: 10/10
  7475 | D:8      | Killed Grum
  7481 | D:8      | Reached skill level 9 in Fighting
  7514 | D:8      | Found a staircase to the Lair.
  8385 | D:9      | Reached skill level 10 in Fighting
  8396 | D:9      | Gained mutation: You have a pair of horns on your head.
                  | [demonic ancestry]
  8396 | D:9      | Reached XP level 11. HP: 43/90 MP: 11/11
  8449 | D:9      | Found a staircase to the Orcish Mines.
  8468 | D:9      | Reached ***** piety under Trog
  9048 | D:9      | Found a burning altar of Makhleb.
  9048 | D:9      | Noticed a green death
  9372 | D:10     | Entered Level 10 of the Dungeon
  9392 | D:10     | Noticed a deep elf pyromancer
  9399 | D:10     | Killed a deep elf pyromancer
  9400 | D:10     | Reached skill level 10 in Axes
  9456 | D:10     | Reached skill level 11 in Fighting
 10071 | D:11     | Reached skill level 5 in Shields
 10084 | D:11     | Noticed a two-headed ogre
 10085 | D:11     | Noticed a four-headed hydra
 10097 | D:11     | Killed a two-headed ogre
 10098 | D:11     | Gained mutation: You have sharp fingernails. [demonic
                  | ancestry]
 10098 | D:11     | Reached XP level 12. HP: 100/100 MP: 12/12
 10100 | D:11     | Killed a five-headed hydra
 10338 | D:11     | Noticed an eight-headed hydra
 10348 | D:11     | Killed an eight-headed hydra
 10641 | D:12     | Noticed a two-headed ogre
 10647 | D:12     | Killed a two-headed ogre
 10673 | D:12     | Noticed a four-headed hydra
 10681 | D:12     | Killed a four-headed hydra
 10722 | D:12     | Reached skill level 12 in Fighting
 10730 | D:12     | Noticed Lodul
 10735 | D:12     | Received a gift from Trog
 10742 | D:12     | Killed Lodul
 10777 | D:12     | Noticed Sonja
 10777 | D:12     | Noticed a boulder beetle
 10805 | D:12     | Killed Sonja
 10816 | D:12     | Killed a boulder beetle
 10888 | D:12     | Noticed a five-headed hydra
 10895 | D:12     | Killed a five-headed hydra
 11321 | D:13     | Noticed a centaur warrior
 11330 | D:13     | Noticed a centaur warrior
 11331 | D:13     | Killed a centaur warrior
 11339 | D:13     | Killed a centaur warrior
 11340 | D:13     | Reached XP level 13. HP: 64/109 MP: 4/13
 11376 | D:13     | HP: 2/109 [vault guard/+2 glaive (15)]
 11381 | D:13     | HP: 1/109 [vault guard/+2 glaive (4)]
 11436 | D:13     | Reached skill level 13 in Fighting
 11477 | D:13     | Found a gate to the Vaults.
 12710 | D:14     | Reached ****** piety under Trog
 12777 | D:15     | Entered Level 15 of the Dungeon
 13014 | D:15     | Received a gift from Trog
 13245 | D:15     | Found a staircase to the Depths.
 13245 | D:15     | Noticed a stone giant
 13255 | D:15     | Killed a stone giant
 13260 | D:15     | Reached XP level 14. HP: 56/119 MP: 4/14
 13760 | Orc:1    | Entered Level 1 of the Orcish Mines
 13869 | Orc:2    | Entered Level 2 of the Orcish Mines
 13899 | Orc:2    | Noticed an orc warlord
 13912 | Orc:2    | Reached skill level 14 in Fighting
 13928 | Orc:2    | Killed an orc warlord
 14191 | Orc:2    | Received a gift from Trog
 14235 | Orc:2    | Paralysed by an orc sorcerer for 5 turns
 14257 | Orc:2    | Demolished by an orc knight

Illustrated notes

Levels and vault maps discovered:
D:1:      dpeg_arrival_ratfight, layout_loops_ring, minmay_pentomino_w2
D:2:      minmay_recursive_quarters, layout_loops_ring, uniq_robin
D:3:      layout_basic, minmay_distorted
D:4:      layout_loops_ring, uniq_blork_the_orc
D:5:      layout_basic, serial_shops, nicolae_lakefront_shop,
          nicolae_shop_behind_doors,
          nicolae_shop_temple_entry_statues_fountains, nicolae_diamond_shop,
          uniq_sigmund
D:6:      layout_rooms, serial_shops, shop
D:7:      layout_cave_pools, minmay_temple_entry_nine_rooms, serial_gnoll_camp,
          gnoll_camp_mini_shop, gnoll_camp_medium_02, gnoll_camp_medium_01,
          gnoll_camp_mini_shop, gnoll_camp_mini_hut, gnoll_camp_mini_shop,
          hellmonk_guarded_unrand_lears
D:8:      layout_loops_corners, minmay_lair_entry_grove, uniq_grum
D:9:      layout_roguey [special_room_bee], makhleb_altar_promises_db,
          erik_orc_2
D:10:     cheibrodos_barr_body, layout_cave_pools, kennysheep_generic_room_5
D:11:     layout_roguey, uniq_josephine
D:12:     layout_cave_pools, uniq_sonja, uniq_lodul
D:13:     layout_cave_pools, lightli_vaults_fourway_checkpoint,
          serial_co_window_serial, co_window_paths_a, co_window_paths_a,
          co_window_paths_a, co_window_paths_a, co_window_corner_a,
          co_window_cross_2, co_window_broadway_c, co_window_of_opportunity_c,
          co_window_cross_3, co_window_unsneaky_path_a, glass_columns_b,
          glass_columns_a, glass_columns_a
D:14:     layout_basic
D:15:     grunt_enter_depths_snipers, layout_long_grid
Orc:1:    layout_diamond_mine
Orc:2:    grunt_orc_tribal_feast, layout_caves, hangedman_feature_mirror,
          guppyfry_library_mini

Skill      XL: |  1  2  3  4  5  6  7  8  9 10 11 12 13 14 |
---------------+-------------------------------------------+-----
Dodging        | 2 3 4 5 6 7 8 9 |  9.3
Axes           | 3 4 5 6 8 9 10 11 12 13 | 13.0
Armour         | 2 3 4 5 6 7 8 9 |  9.3
Fighting       | 4 5 6 7 8 10 11 12 13 14 | 14.2
Shields        | 1 3 5 6 7 |  7.6

Action                   |  1- 3 |  4- 6 |  7- 9 | 10-12 | 13-15 || total
-------------------------+-------+-------+-------+-------+-------++-------
Melee: Hand axe          |    98 |    48 |       |       |       ||   146
       Tailslap          |    11 |    14 |    30 |    73 |    75 ||   203
       War axe           |       |    52 |   167 |   363 |       ||   582
       Punch             |       |     1 |     3 |       |       ||     4
       Headbutt          |       |       |    36 |   116 |    89 ||   241
       Battleaxe         |       |       |    12 |       |       ||    12
       Morningstar       |       |       |       |    21 |    12 ||    33
       Broad axe         |       |       |       |    64 |   315 ||   379
       Scimitar          |       |       |       |       |     4 ||     4
Throw: Throwing net      |       |       |       |     1 |       ||     1
Invok: Berserk           |       |     3 |     5 |     5 |     5 ||    18
       Trog's Hand       |       |     1 |     4 |     5 |     3 ||    13
Evoke: Wand              |       |       |       |     5 |       ||     5
  Use: Scroll            |     5 |     8 |     6 |     4 |     2 ||    25
       Potion            |       |       |     2 |       |     2 ||     4
 Stab: Sleeping          |     1 |       |       |       |       ||     1
Armor: Animal skin       |     1 |       |       |       |       ||     1
       Ring mail         |    20 |    10 |       |       |       ||    30
       Scale mail        |       |    27 |       |       |       ||    27
       Chain mail        |       |     8 |   189 |   378 |   178 ||   753
Dodge: Dodged            |    45 |    47 |    98 |   249 |   157 ||   596
Block: Kite shield       |       |       |    44 |   152 |       ||   196
       Tower shield      |       |       |       |   248 |   353 ||   601

Table legend: (Time is in decaauts)
 A = Elapsed time spent in this place.
 B = Non-inter-level travel time spent in this place.
 C = Inter-level travel time spent in this place.
 D = Time resting spent in this place.
 E = Time spent auto-exploring this place.
 F = Levels seen in this place.
 G = Mean time per level.
                   A        B        C        D        E       F      G
               +--------+--------+--------+--------+--------+-----+--------+
         Total |  14667 |  14350 |    317 |    131 |  10446 |  17 |  862.8 |
       Dungeon |  14134 |  13817 |    317 |    131 |  10187 |  15 |  942.3 |
  Orcish Mines |    533 |    533 |      0 |      0 |    258 |   2 |  266.5 |
               +--------+--------+--------+--------+--------+-----+--------+

Top non-repeatable levels by time:
     D:1: 1245 daAuts
     D:5: 1167 daAuts
     D:2: 1157 daAuts
     D:9: 1121 daAuts
     D:4: 1092 daAuts
    D:13: 1072 daAuts
     D:7: 996 daAuts
     D:3: 967 daAuts
     D:6: 953 daAuts
     D:8: 929 daAuts
    D:15: 878 daAuts
    D:12: 735 daAuts
    D:11: 677 daAuts
    D:10: 662 daAuts
    D:14: 477 daAuts
